 Dungeon Crawl Stone Soup version 0.31-a0-521-gc7390f8997 (webtiles) character file.

Game seed: 11126115160115792367

42769 motkurizz the Tortoise (level 13, 0/180 HPs)
             Began as an Armataur Berserker on Aug 10, 2023.
             Was a High Priest of Trog.
             Slain by a skyshark (9 damage)
             ... on level 4 of the Lair of Beasts.
             The game lasted 00:50:52 (13794 turns).

motkurizz the Tortoise (Armataur Berserker)        Turns: 13794, Time: 00:50:53

Health: 0/180      AC: 37    Str: 24    XL:     13   Next: 87%
Magic:  4/4        EV:  9    Int: 13    God:    Trog [*****.]
Gold:   1084       SH: 11    Dex: 18    Spells: 12/12 levels left

rFire   + + +        b - +2 morningstar (antimagic)
rCold   + + .        u - +0 kite shield
rNeg    . . .        I - +6 plate armour "Muubysm" {rF+++ Regen+ Str-3 Dex+3}
rPois   .            (no helmet)
rElec   .            q - +1 cloak
rCorr   .            (no gloves)
SInv    .            H - +4 barding {rC+}
Will    ++...        y - amulet of faith Stlth
                     R - ring "Jaog" {Ice Drain Will+++ Int+3 Stlth-}
HPRegen 1.30/turn    P - ring of Diostemn {rF++ Will- EV+5 Int+3 Dex+4}
MPRegen 0.09/turn

%: roll, faith
@: berserking, lethally poisoned (0 -> -13), very quick
A: large, rugged brown scales 3, deformed body, armoured tail, roll, long
tongue, awkward tongue
a: Renounce Religion, Berserk, Trog's Hand, Brothers in Arms


You were on level 4 of the Lair of Beasts.
You worshipped Trog.
Trog was extremely pleased with you.
You visited 3 branches of the dungeon, and saw 15 of its levels.
You also visited: Sewer, Bailey and Gauntlet.

You collected 1084 gold pieces.

Inventory:

Hand Weapons
 a - a +2 whip of venom
 b - a +2 antimagic morningstar (weapon)
 x - a +0 whip of freezing
Missiles
 i - a throwing net
 k - 13 boomerangs (quivered)
 r - 12 poisoned darts
Armour
 q - a +1 cloak (worn)
 u - a +0 kite shield (worn)
 H - a +4 barding of cold resistance (worn)
 I - the +6 plate armour "Muubysm" (worn) {rF+++ Regen+ Str-3 Dex+3}
   (You acquired it in a bailey)

   Str-3:     It affects your strength (-3).
   Dex+3:     It affects your dexterity (+3).
   rF+++:     It renders you almost immune to fire.
   Regen+:    It increases your rate of health regeneration.
Jewellery
 c - a ring of poison resistance
 n - a ring of resist corrosion
 y - an amulet of faith (around neck)
 E - a +4 ring of protection
 G - the ring of Koru {rF+ rC- Will+ rCorr Str+2}
   (You found it in a Gauntlet)

   [ring of protection from fire]

   Str+2:     It affects your strength (+2).
   rF+:       It protects you from fire.
   rC-:       It makes you vulnerable to cold.
   Will+:     It increases your willpower.
   rCorr:     It protects you from acid and corrosion.
 J - the ring of the Death Scarab {Wiz rC+ Dex+3}
   (You took it off an orc in a bailey)

   [ring of wizardry]

   Wiz:       It improves your spell success rate.
   Dex+3:     It affects your dexterity (+3).
   rC+:       It protects you from cold.
 P - the ring of Diostemn (right hand) {rF++ Will- EV+5 Int+3 Dex+4}
   (You found it in a Gauntlet)

   [ring of evasion]

   EV+5:      It affects your evasion (+5).
   Int+3:     It affects your intelligence (+3).
   Dex+4:     It affects your dexterity (+4).
   rF++:      It greatly protects you from fire.
   Will-:     It decreases your willpower.
 R - the ring "Jaog" (left hand) {Ice Drain Will+++ Int+3 Stlth-}
   (You took it off a minotaur in a Gauntlet)

   [ring of ice]

   Ice:       It enhances your ice magic.
   Int+3:     It affects your intelligence (+3).
   rF-:       It makes you vulnerable to fire.
   rC+:       It protects you from cold.
   Will+++:   It greatly increases your willpower.
   Drain:     It drains your maximum health when unequipped.
   Stlth-:    It makes you less stealthy.
 S - a ring of flight
Wands
 f - a wand of polymorph (6)
 z - a wand of digging (5)
 B - a wand of paralysis (7)
 Q - a wand of iceblast (12)
 T - a wand of mindburst (5)
Scrolls
 d - a scroll of silence
 e - 3 scrolls of noise
 h - a scroll of revelation
 s - 10 scrolls of teleportation
 t - a scroll of vulnerability
 v - a scroll of torment
 w - a scroll of immolation {unknown}
 D - a scroll of fear {unknown}
 K - a scroll of butterflies {unknown}
 M - 2 scrolls of enchant weapon {unknown}
 N - 7 scrolls of blinking {unknown}
 U - a scroll of brand weapon {unknown}
 V - a scroll of identify
Potions
 g - a potion of berserk rage {unknown}
 j - 3 potions of attraction
 l - 4 potions of curing
 m - 3 potions of enlightenment
 o - a potion of haste {unknown}
 p - 2 potions of might {unknown}
 A - a potion of heal wounds {unknown}
 C - a potion of mutation
 F - 2 potions of resistance
 L - 2 potions of cancellation {unknown}
 O - a potion of experience {unknown}


   Skills:
 - Level 10.0 Fighting
 + Level 14.6 Maces & Flails
 * Level 19.7 Armour
 - Level 1.3 Dodging
 - Level 8.0 Shields


You had 12 spell levels left.
You didn't know any spells.
Your spell library was empty.

Dungeon Overview and Level Annotations

Branches:
Dungeon (9/15)             Temple (1/1) D:4            Lair (5/5) D:8
  Swamp (0/4) Lair:3        Snake (0/4) Lair:2        Sewer (visited)
 Bailey (visited)         Gauntlet (visited)
  Slime: Lair:4-5       Orc: D:9-12

Altars:
Ashenzari
Cheibriados
Dithmenos
Elyvilon
Fedhas
Gozag
Hepliaklqana
Kikubaaqudgha
Makhleb
Nemelex Xobeh
Okawaru
Qazlal
Sif Muna
Trog
Uskayaw
Vehumet
Wu Jian
Xom
Yredelemnul
Zin
The Shining One

Shops:
D:5 :

Annotations:
D:3 exclusion: downstairs
D:6 2 transporters, Jeremiah
Temple 2 transporters
Lair:1 2 transporters, kae's ghost, journeyman DrSh


Innate Abilities, Weirdness & Mutations

You are completely covered in rugged brown scales. (AC +3, +7% HP)
Armour fits poorly on your strangely shaped body.
You have a long armoured tail.
You roll when moving toward enemies. (Rampage)
Your long tongue fully drains potion bottles. (2x potion effects)
Your tongue gives you trouble enunciating. (1.5x scroll delay)


Message History

The skyshark tail-slaps you but does no damage.
You block the skyshark's attack.
You are too berserk!
You hit the skyshark.
The skyshark is moderately wounded.
You feel sick. The cane toad barely misses you.
You block the skyshark's attack.
The skyshark tail-slaps you but does no damage.
The skyshark barely misses you.
You hit the skyshark but do no damage.
The skyshark is moderately wounded.
You feel sick.
You puncture the skyshark!
Your tail-slap misses the skyshark.
The skyshark is heavily wounded.
The skyshark bites you but does no damage.
You block the skyshark's attack.
The skyshark tail-slaps you but does no damage.
You block the cane toad's attack.
You impale the skyshark!!
The skyshark is severely wounded.
You feel sick. You block the skyshark's attack.
The skyshark tail-slaps you but does no damage.
The skyshark tail-slaps you.
* * * LOW HITPOINT WARNING * * *
The cane toad stings you!
* * * LOW HITPOINT WARNING * * *
You barely miss the skyshark.
The skyshark is severely wounded.
You block the skyshark's attack. The skyshark tail-slaps you.
* * * LOW HITPOINT WARNING * * *
You block the skyshark's attack. The cane toad stings you!
* * * LOW HITPOINT WARNING * * *
You are lethally poisoned!
The cane toad poisons you!
You closely miss the skyshark.
The skyshark is severely wounded.
* * * LOW HITPOINT WARNING * * *
You feel very sick. The skyshark bites you!
You die...

###..P.###.##.......
#..................
##..##..#P########)
##..####### ##
#....##.#.#########
##....#.#..#.##P.#..
#..Fl.......†.......
###lF..####..###.#.#
#@#### #### ####.
#††# ##.
#?########### ##.#
##.†#P.##.##.###...
#P.[...............
##.................
#.................
#.................
###.................


You could see 2 skysharks and 2 cane toads.

Vanquished Creatures
  An orc warlord (Bailey)
  2 dire elephants (Gauntlet)
  A fire dragon (Lair:4)
  Josephine (Lair:4)
  A hydra (Lair:4)
  A two-headed ogre (D:8)
  A dancing weapon (D:8)
  Pikel (D:4)
  The ghost of MrCrawl the Arsonist, a novice TeFE of Vehumet (D:8)
  15 elephants
  3 black mambas
  8 cane toads
  Maggie (D:8)
  4 komodo dragons
  21 rime drakes
  3 polar bears
  A hornet (D:9)
  7 dream sheep (Lair:3)
  11 blink frogs
  A shadow (D:8)
  A wraith (Lair:4)
  31 yaks
  4 wyverns
  3 basilisks
  2 hogs (Lair:4)
  7 steam dragons
  3 vampire mosquitoes
  9 water moccasins
  Duvessa (D:4)
  3 ice beasts
  12 orc warriors
  A black bear (D:8)
  7 wolves
  A phantom (D:5)
  2 gnoll sergeants
  12 bullfrogs
  3 scorpions
  Dowan (D:4)
  2 howler monkeys (D:6)
  2 electric eels (Lair:1)
  4 lava snakes (Lair:1)
  7 hounds
  6 orc priests
  2 jellies
  2 gnoll boudas (D:5)
  3 iguanas
  9 orc wizards
  2 sleepcaps
  7 hell rats (Lair:3)
  31 gnolls
  11 adders
  2 river rats (Sewer)
  2 shadow imps
  A white imp (D:7)
  An ufetubus (D:6)
  2 worms (D:3)
  3 dart slugs
  32 orcs
  6 endoplasms
  6 giant cockroaches (D:4)
  12 goblins
  17 hobgoblins
  5 jackals
  10 kobolds
  6 quokkas
  12 ball pythons
  3 bats
  8 frilled lizards
  11 rats
415 creatures vanquished.

Vanquished Creatures (collateral kills)
  Kirke (Lair:4)
  Nessos (Lair:4)
  A minotaur (Gauntlet)
  An orc knight (Bailey)
  2 rime drakes (Lair:4)
  A minotaur zombie (Gauntlet)
  2 wraiths (Lair:4)
  4 wolves (Lair:4)
  An orc (Bailey)
14 creatures vanquished.

Vanquished Creatures (others)
  2 humans (Lair:4)
  A bullfrog (Lair:4)
3 creatures vanquished.

Grand Total: 432 creatures vanquished

Notes
Turn   | Place    | Note
-------+----------+-------------------------------------------
     0 | D:1      | motkurizz the Armataur Berserker began the quest for the
                  | Orb.
     0 | D:1      | Reached XP level 1. HP: 19/19 MP: 1/1
   227 | D:1      | Reached XP level 2. HP: 23/26 MP: 2/2
   768 | D:2      | Reached XP level 3. HP: 33/33 MP: 3/3
   781 | D:2      | Reached ** piety under Trog
   782 | D:2      | Reached skill level 3 in Armour
  1564 | D:3      | Reached XP level 4. HP: 37/40 MP: 4/4
  2190 | D:3      | Reached XP level 5. HP: 47/49 MP: 5/5
  2210 | D:3      | Reached skill level 4 in Armour
  2537 | D:4      | Noticed Duvessa
  2537 | D:4      | Noticed Dowan
  2734 | D:4      | Reached XP level 6. HP: 48/55 MP: 6/6
  2737 | D:4      | Reached *** piety under Trog
  2790 | D:4      | Noticed Pikel
  2810 | D:4      | Killed Pikel
  2811 | D:4      | Reached skill level 5 in Armour
  2811 | D:4      | Reached XP level 7. HP: 64/64 MP: 7/7
  2850 | D:4      | Found a glowing drain.
  2866 | Sewer    | Entered a sewer
  2956 | Sewer    | Reached skill level 5 in Fighting
  3262 | D:4      | Found a staircase to the Ecumenical Temple.
  3302 | Temple   | Found a transporter.
  3302 | Temple   | Found a transporter.
  3302 | Temple   | Found a transporter.
  3302 | Temple   | Found a transporter.
  3302 | Temple   | Entered the Ecumenical Temple
  3444 | D:4      | Reached **** piety under Trog
  3445 | D:4      | Reached XP level 8. HP: 59/72 MP: 8/8
  3529 | D:5      | Entered Level 5 of the Dungeon
  3791 | D:4      | Reached skill level 6 in Armour
  3891 | D:4      | Killed Duvessa
  3898 | D:4      | Killed Dowan
  4229 | D:5      | Found a sparkling altar of Nemelex Xobeh.
  4229 | D:5      | Found a burning altar of Makhleb.
  4877 | D:5      | Reached skill level 7 in Armour
  4985 | D:5      | Found Ekou's Book Emporium.
  5369 | D:5      | Reached ***** piety under Trog
  5467 | D:6      | Found a transporter.
  5477 | D:6      | Reached XP level 9. HP: 75/80 MP: 9/9
  5586 | D:6      | Found a transporter.
  5932 | D:6      | Noticed Jeremiah
  6140 | D:7      | Reached skill level 1 in Shields
  6782 | D:8      | Noticed a komodo dragon
  6845 | D:8      | Found a flagged portal.
  6865 | D:8      | Reached skill level 8 in Armour
  6899 | Bailey   | Entered a bailey
  7038 | Bailey   | Noticed an orc knight
  7057 | Bailey   | Killed an orc knight
  7058 | Bailey   | Reached skill level 5 in Shields
  7234 | Bailey   | Received a gift from Trog
  7253 | Bailey   | Reached XP level 10. HP: 90/92 MP: 10/10
  7429 | Bailey   | Identified the ring of the Death Scarab {Wiz rC+ Dex+3}
  7447 | Bailey   | Noticed an orc warlord
  7481 | Bailey   | Killed an orc warlord
  7688 | Bailey   | Acquired the +6 plate armour "Muubysm" {rF+++ Regen+ Str-3
                  | Dex+3}
  7810 | D:8      | Reached skill level 10 in Maces & Flails
  7810 | D:8      | Reached skill level 9 in Armour
  7957 | D:8      | Found a runed translucent door.
  7957 | D:8      | Found a shimmering altar of Xom.
  7957 | D:8      | Noticed MrCrawl's ghost (novice TeFE)
  7957 | D:8      | Noticed a +0 falchion of chaos
  7977 | D:8      | Killed a +0 falchion of chaos
  7982 | D:8      | Killed MrCrawl's ghost
  8109 | D:8      | Noticed a two-headed ogre
  8125 | D:8      | Killed a two-headed ogre
  8255 | D:8      | Noticed Maggie
  8278 | D:8      | Killed Maggie
  8279 | D:8      | Reached XP level 11. HP: 100/100 MP: 11/11
  8379 | D:8      | Found a staircase to the Lair.
  8504 | D:9      | Paralysed by a hornet for 2 turns
  8615 | D:9      | Noticed a two-headed ogre
  8644 | Lair:1   | Entered Level 1 of the Lair of Beasts
  8740 | Lair:1   | Reached skill level 10 in Armour
  9161 | Lair:1   | Found a transporter.
  9164 | Lair:1   | Noticed kae's ghost (journeyman DrSh)
  9187 | Lair:1   | Found a transporter.
 10245 | Lair:2   | Found a staircase to the Snake Pit.
 10284 | Lair:2   | Reached skill level 11 in Armour
 10637 | Lair:2   | You fall into a shaft and drop 1 floor!
 10738 | Lair:3   | Reached XP level 12. HP: 66/111 MP: 12/12
 10867 | Lair:3   | Found a staircase to the Swamp.
 10868 | Lair:3   | Found a gate leading to a gauntlet.
 10877 | Gauntlet | Entered a Gauntlet
 10877 | Gauntlet | Found a transporter.
 10881 | Gauntlet | Noticed a great orb of eyes
 10891 | Gauntlet | Found a transporter.
 10893 | Gauntlet | Found a transporter.
 10894 | Gauntlet | Found a transporter.
 10897 | Gauntlet | Found a transporter.
 10897 | Gauntlet | Noticed a dire elephant
 10898 | Gauntlet | Found a transporter.
 10905 | Gauntlet | Noticed a hell hog
 10914 | Gauntlet | Found a transporter.
 10922 | Gauntlet | Noticed a dire elephant
 10929 | Gauntlet | Noticed a catoblepas
 10933 | Gauntlet | Found a transporter.
 10953 | Gauntlet | Found a transporter.
 10955 | Gauntlet | Found a transporter.
 10968 | Gauntlet | Found a transporter.
 11026 | Gauntlet | Found a transporter.
 11140 | Gauntlet | Killed a dire elephant
 11154 | Gauntlet | Identified the ring of Koru {rF+ rC- Will+ rCorr Str+2}
 11160 | Gauntlet | Identified the +10 shortbow "Cupiami" {freeze, rPois Will+}
 11224 | Gauntlet | Killed a dire elephant
 11248 | Gauntlet | Identified the ring of Diostemn {rF++ Will- EV+5 Int+3
                  | Dex+4}
 11286 | Gauntlet | Identified the +10 spear of Doom {flame, rPois rCorr Int+4
                  | Dex+2}
 11286 | Gauntlet | Identified the ring "Jaog" {Ice Drain Will+++ Int+3 Stlth-}
 11286 | Gauntlet | Noticed a minotaur
 11292 | Gauntlet | Killed a minotaur
 11293 | Gauntlet | Reached skill level 12 in Armour
 11320 | Gauntlet | Reached skill level 10 in Fighting
 11479 | Lair:3   | Reached skill level 13 in Armour
 12135 | Lair:3   | Reached skill level 14 in Armour
 12140 | Lair:3   | Received a gift from Trog
 12403 | Lair:4   | Reached skill level 15 in Armour
 12403 | Lair:4   | Reached XP level 13. HP: 120/120 MP: 4/13
 12586 | Lair:4   | Reached skill level 16 in Armour
 12711 | Lair:4   | Noticed a fire dragon
 12723 | Lair:4   | Killed a fire dragon
 12724 | Lair:4   | Reached skill level 17 in Armour
 12760 | Lair:4   | Noticed Josephine
 12788 | Lair:4   | Killed Josephine
 12798 | Lair:4   | Reached skill level 18 in Armour
 12852 | Lair:4   | Noticed Kirke
 12940 | Lair:4   | Noticed Nessos
 12953 | Lair:4   | Killed Kirke
 12953 | Lair:4   | Received a gift from Trog
 12961 | Lair:4   | Killed Nessos
 13077 | Lair:4   | Reached skill level 19 in Armour
 13694 | Lair:5   | Entered Level 5 of the Lair of Beasts
 13794 | Lair:4   | HP: 9/180 [poisoned by a cane toad]
 13794 | Lair:4   | Slain by a skyshark

Illustrated notes

Levels and vault maps discovered:
D:1:      ncdulo_smallfort, layout_rooms
D:2:      layout_loops_ring, minmay_strange_pillars
D:3:      layout_basic, minmay_guardbox
D:4:      layout_loops_ring, temple_fountains, gup_sewer_entry_pipe, uniq_pikel,
          uniq_duvessa
D:5:      layout_gridville, chequers_temple_overflow_statue_of_worship,
          serial_shops, shop
D:6:      gammafunk_cloud_chamber, layout_cave_pools, uniq_jeremiah
D:7:      layout_rooms
D:8:      layout_loops_cross, grunt_lair_entry_orc_guard_hut, enter_bailey_6,
          ebering_ghost_xom, uniq_maggie
D:9:      layout_basic, mainiacjoe_overflow_boulevard
Temple:   hellmonk_temple_divided_pantheon
Lair:1:   layout_chaotic_city, gammafunk_ghost_berserking_beasts,
          nicolae_lair_liquid_snakes
Lair:2:   layout_cave_pods, dummy_snake_entry, chequers_serial_rivers_micro_a,
          grunt_megastairs_1, lemuel_fruit_tree
Lair:3:   layout_gridlike, swamp_mist, gauntlet_entry_generic, st_stairs_6
Lair:4:   layout_long_grid, bobbens_dragon_lair_wall, uniq_kirke,
          uniq_josephine, uniq_nessos
Lair:5:   minmay_lair_end_frog_pond, layout_hall_layers,
          nicolae_slime_entry_field_trip

Skill      XL: |  1  2  3  4  5  6  7  8  9 10 11 12 13 |
---------------+----------------------------------------+-----
Fighting       | 3 4 5 6 7 8 9 10 | 10.0
Maces & Flails | 3 4 6 8 9 10 12 13 14 | 14.6
Armour         | 3 4 5 7 8 9 11 15 19 | 19.7
Shields        | 6 8 |  8.0
Dodging        | |  1.3

Action                     |  1- 3 |  4- 6 |  7- 9 | 10-12 | 13-15 || total
---------------------------+-------+-------+-------+-------+-------++-------
  Melee: Mace              |    89 |    82 |       |       |       ||   171
         Tailslap          |     9 |    18 |    80 |   181 |    88 ||   376
         Whip              |     8 |    78 |   492 |   727 |    56 ||  1361
         Punch             |       |     3 |       |       |       ||     3
         Morningstar       |       |       |       |   218 |   288 ||   506
   Fire: Sling             |     3 |       |       |       |       ||     3
  Throw: Boomerang         |     3 |       |       |     2 |       ||     5
         Dart              |       |       |     1 |     8 |       ||     9
         Throwing net      |       |       |       |     2 |       ||     2
 Invoke: Berserk           |     1 |     2 |     2 |     6 |     3 ||    14
         Brothers in Arms  |       |       |     1 |     3 |     2 ||     6
         Trog's Hand       |       |       |       |     2 |       ||     2
  Evoke: Wand              |       |       |       |     3 |     5 ||     8
    Use: Scroll            |       |     1 |     9 |     5 |     3 ||    18
         Potion            |       |       |       |     1 |       ||     1
   Stab: Paralysed         |       |       |       |       |     5 ||     5
 Armour: Animal skin       |    17 |       |       |       |       ||    17
         Ring mail         |    30 |    51 |    33 |       |       ||   114
         Chain mail        |       |       |   161 |    20 |       ||   181
         Plate armour      |       |       |       |   349 |   238 ||   587
  Dodge: Dodged            |    35 |    58 |   111 |   114 |   137 ||   455
  Block: Kite shield       |       |       |    41 |   303 |   213 ||   557

Table legend: (Time is in decaauts)
 A = Elapsed time spent in this place.
 B = Non-inter-level travel time spent in this place.
 C = Inter-level travel time spent in this place.
 D = Time resting spent in this place.
 E = Time spent auto-exploring this place.
 F = Levels seen in this place.
 G = Mean time per level.
                   A        B        C        D        E       F      G
               +--------+--------+--------+--------+--------+-----+--------+
         Total |  13480 |  12912 |    568 |   1006 |   7544 |  18 |  748.9 |
       Dungeon |   7313 |   6824 |    489 |    500 |   4386 |   9 |  812.6 |
        Temple |    122 |    122 |      0 |    121 |      0 |   1 |  122.0 |
          Lair |   4410 |   4331 |     79 |    253 |   2686 |   5 |  882.0 |
         Sewer |    333 |    333 |      0 |      0 |    235 |   1 |  333.0 |
        Bailey |    799 |    799 |      0 |    104 |    233 |   1 |  799.0 |
      Gauntlet |    501 |    501 |      0 |     28 |      3 |   1 |  501.0 |
               +--------+--------+--------+--------+--------+-----+--------+

Top non-repeatable levels by time:
  Lair:4: 1535 daAuts
     D:5: 1236 daAuts
     D:4: 1186 daAuts
     D:3: 1130 daAuts
  Lair:3: 989 daAuts
  Lair:1: 937 daAuts
  Lair:2: 925 daAuts
     D:8: 841 daAuts
  Bailey: 799 daAuts
     D:7: 791 daAuts
     D:2: 766 daAuts
     D:1: 722 daAuts
Gauntlet: 501 daAuts
     D:6: 486 daAuts
   Sewer: 333 daAuts
